[ AOE2 MATCH · #506420281 ]
UnrankedTeutons vs Italians
Player's team · LOSS
Rival team · WIN
[ REPLAY ANALYSIS · EXTRACTED FROM THE RECORDED GAME ]
Feudal
8:51
Castle
—
Imperial
—
| APM avg | 81.2 |
| APM peak | 106 |
| eAPM avg | 31.0 |
| Villagers / military | 27 / 2 |
Focus
⚔️ 44.6% · 🌾 55.4%
Skirmisher ×2
Feudal
8:26
Castle
—
Imperial
—
| APM avg | 66.8 |
| APM peak | 133 |
| eAPM avg | 29.8 |
| Villagers / military | 21 / 4 |
Focus
⚔️ 36.5% · 🌾 63.5%
Militia ×3 · Spearman ×1
Match map
Initial resources + every placement click. Lines = walls · curves = elevation contours. ◆ gold · ⬟ stone · ● berries · ✦ relic · ◌ wall gap
Your base
Road to 2k's base
Smoothed initial terrain · ◌ = detected wall gap · hover for details
Inputs per minute
— TUAN - - Road to 2k
Build order — TUAN
44 actions detected in the replay
| 0:00 | Create | Villager (Male) |
| 0:01 | Create | Villager (Male) |
| 0:01 | Create | Villager (Male) |
| 0:02 | Build | House |
| 0:03 | Build | House |
| 0:58 | Create | Villager (Male) |
| 0:59 | Create | Villager (Male) |
| 1:33 | Create | Villager (Male) |
| 1:34 | Create | Villager (Male) |
| 1:58 | Create | Villager (Male) |
| 1:58 | Create | Villager (Male) |
| 2:15 | Build | Lumber Camp |
| 2:20 | Create | Villager (Male) |
| 2:20 | Create | Villager (Male) |
| 2:48 | Create | Villager (Male) |
| 2:49 | Create | Villager (Male) |
| 2:49 | Create | Villager (Male) |
| 2:49 | Create | Villager (Male) |
| 3:42 | Create | Villager (Male) |
| 3:42 | Create | Villager (Male) |
| 3:42 | Create | Villager (Male) |
| 3:50 | Build | House |
| 3:51 | Build | House |
| 4:09 | Create | Villager (Male) |
| 4:49 | Create | Villager (Male) |
| 4:52 | Create | Villager (Male) |
| 4:52 | Research | Loom |
| 5:11 | Build | Mill |
| 6:14 | Research | Feudal Age |
| 7:08 | Create | Villager (Male) |
| 7:38 | Build | Palisade Wall |
| 7:43 | Build | Barracks |
| 7:52 | Build | Palisade Wall |
| 8:14 | Create | Villager (Male) |
| 8:36 | Build | Palisade Wall |
| 8:38 | Build | Palisade Wall |
| 8:51 | Age | Feudal Age |
| 8:53 | Create | Villager (Male) |
| 9:16 | Build | Archery Range |
| 9:31 | Create | Villager (Male) |
| 9:42 | Create | Villager (Male) |
| 9:58 | Create | Villager (Male) |
| 10:00 | Create | Skirmisher |
| 10:00 | Create | Skirmisher |
Build order — Road to 2k
40 actions detected in the replay
| 0:00 | Create | Villager (Male) |
| 0:01 | Create | Villager (Male) |
| 0:02 | Build | House |
| 0:02 | Build | House |
| 0:17 | Create | Villager (Male) |
| 0:24 | Create | Villager (Male) |
| 1:32 | Create | Villager (Male) |
| 1:58 | Create | Villager (Male) |
| 2:13 | Build | Lumber Camp |
| 2:29 | Create | Villager (Male) |
| 2:29 | Create | Villager (Male) |
| 3:19 | Create | Villager (Male) |
| 3:20 | Create | Villager (Male) |
| 3:25 | Create | Villager (Male) |
| 3:45 | Build | House |
| 4:08 | Create | Villager (Male) |
| 4:34 | Create | Villager (Male) |
| 4:49 | Create | Villager (Male) |
| 4:59 | Build | Barracks |
| 5:07 | Create | Villager (Male) |
| 5:26 | Research | Loom |
| 5:32 | Build | House |
| 6:15 | Research | Feudal Age |
| 6:21 | Build | Mining Camp |
| 6:29 | Create | Militia |
| 6:42 | Create | Militia |
| 7:01 | Create | Militia |
| 7:21 | Build | Mill |
| 7:45 | Create | Villager (Male) |
| 8:26 | Age | Feudal Age |
| 8:26 | Research | Man-at-Arms (upgrade) |
| 8:29 | Research | Double-Bit Axe |
| 8:36 | Build | House |
| 8:55 | Create | Villager (Male) |
| 8:55 | Create | Villager (Male) |
| 9:23 | Create | Villager (Male) |
| 9:31 | Create | Villager (Male) |
| 9:55 | Create | Villager (Male) |
| 10:07 | Build | Archery Range |
| 10:14 | Create | Spearman |
Match timeline
| 4:59 | Road to 2k · first_building Barracks |
| 7:38 | TUAN · wall_segment Palisade Wall x1 |
| 7:43 | TUAN · first_building Barracks |
| 7:52 | TUAN · wall_segment Palisade Wall x5 |
| 8:26 | Road to 2k · age_up feudal |
| 8:36 | TUAN · wall_segment Palisade Wall x1 |
| 8:38 | TUAN · wall_segment Palisade Wall x1 |
| 8:51 | TUAN · age_up feudal |
| 9:16 | TUAN · first_building Archery Range |
| 10:07 | Road to 2k · first_building Archery Range |
| 10:17 | TUAN · resign |
[ AI ANALYSIS · 1 CREDIT ]
What really happened in this match?
Wolo.gg analyzes every decision: build order, eco, micro, common mistakes by bracket. Personalized analysis on WhatsApp or Discord in 30 seconds.
Civ guide
Teutons
Perfil
Jugador #10496191